Its a me borio, neutral female scurrid Tourist ------ ----- |./[[| |....# #-.!/)| |...|# ###|.%=[| |.@.|# # |.!%%| ....|# ### |.!?%| |l`.|# # ------ -----### ### -.-+----- # # |..*....| `################################# |........ ##------------ |.......| ##...........|# |.......-######### #|..........|####### |.......| # #|.....%.....# --.--- --------- ### ----- #|....>.....|####+....| # --------- |}..| #------------### |....| ###|.(..}}}| |.}..################### # |.[..| #...}}}}}.#####-.>.| ##.....| --------- ----- ------ Its a me borio the Rambler Experience level: 2 Strength: 6 Dexterity: 11 Constitution: 13 Intelligence: 13 Wisdom: 10 Charisma: 17 Health: 0(11) Energy: 5(5) Def: 0 Gold: 1294 Moves: 544 Dungeon seed: C9VGdtW20CUm40XH Game ID: Its a me borio_1542303119 Your Inventory: Coins $ - 1294 gold pieces Amulets u - an uncursed amulet versus poison (being worn) Weapons a - 51 uncursed +2 darts (in quiver) Armor e - an uncursed +0 Hawaiian shirt (being worn) Comestibles b - an uncursed carrot c - an uncursed orange d - 6 uncursed food rations f - 2 uncursed chestnuts g - an uncursed sprig of wolfsbane h - an uncursed lembas wafer Scrolls j - 2 uncursed scrolls of magic mapping k - a blessed scroll of magic mapping s - an uncursed scroll of remove curse Potions i - 2 uncursed potions of extra healing t - an uncursed potion of hallucination Rings q - a cursed -1 ring of stealth (on left paw) Wands n - an uncursed wand of secret door detection (0:15) Tools l - an uncursed expensive camera (0:82) m - an uncursed credit card o - an uncursed leash E - an uncursed mirror F - an uncursed leash Gems r - an uncursed amber Spells and supernatural/magical abilities: Name Level Category Fail Memory W - pray for help -- divine ? -- Your skills at the end: Miscellaneous Skills wands [Basic] Weapon Skills dart [Basic] Spellcasting Skills Final Attributes: You were devoutly aligned. You were poison resistant. You saw invisible. You had infravision. You were very stealthy. You are dead. Vanquished creatures: a water nymph 2 jackals 3 newts a goblin 4 grid bugs 2 lichens 13 creatures vanquished. Voluntary challenges: You did not cause conflict. You were not invisible. You did not have reflection. You were not displaced. You were an atheist. You used a wielded weapon 18 times, starting on turn 44. You did not use tools. You did not use sinks. You read items or engraved 2 times, starting on turn 123. You never genocided any monsters. You never polymorphed an object. You never changed form. You used no wishes. You never split a pudding. You never wrote Elbereth's name. You never violated your personal moral code. Dungeon overview: The Dungeons of Doom: levels 1 to 2 Level 1 a long staircase Level 2 <- You were here a general store a long staircase History has recorded: On T:1 you entered the Dungeons of Doom to retrieve the Amulet of Yendor! On T:321 you reached level 2 of The Dungeons of Doom. On T:500 you advanced to experience level 2. Score breakdown: Gold: 509 ( 50 points) Experience: 2 levels ( 100 points) Exploration: 2 levels ( 30 points) Discoveries: 6 items ( 300 points) Variety of kills: 6 monsters ( 300 points) Major goal: (nothing yet) ( 0 points) Survival: died (score multiplied by 3) Total score: 2340 Latest messages: You feel more confident in your skills. a - 4 uncursed +2 darts (in quiver). There are a few more objects here. a - an uncursed +2 dart (in quiver). There are a few objects here. e - an uncursed +0 Hawaiian shirt. d - 6 uncursed food rations. E - a looking glass. You start equipping your Hawaiian shirt. You are now wearing a Hawaiian shirt. This door is locked. You start chewing a hole in the door. You continue chewing on the door. You chew through the door. $ - 79 gold pieces. You see here a leash. F - a leash. Click! You trigger a rolling boulder trap! You are hit by a boulder. You die... Final status: Aloha Its a me borio the Tourist, killed by a boulder... You died in The Dungeons of Doom on dungeon level 2 with 2340 points, and 1294 pieces of gold, after 544 moves. You were level 2 with a maximum of 11 hit points when you died.